 Dungeon Crawl Stone Soup version 0.30-a0-1008-g30c9307041 (webtiles) character file.

Game seed: 13728990303981052430

7 ThatPearl the Ruffian (level 1, 0/16 HPs)
             Began as a Draconian Transmuter on Apr 5, 2023.
             Slain by a kobold
             ... wielding a +2 short sword of protection
              (3 damage)
             ... on level 1 of the Dungeon.
             The game lasted 00:00:35 (106 turns).

ThatPearl the Ruffian (Draconian Transmuter)         Turns: 106, Time: 00:00:37

Health: 0/16       AC:  5    Str: 12    XL:     1   Next: 83%
Magic:  2/3        EV: 12    Int: 13    God:
Gold:   36         SH:  0    Dex: 11    Spells: 3/4 levels left

rFire   . . .      SeeInvis .      - Unarmed
rCold   . . .      Faith    .    (no shield)
rNeg    . . .      Spirit   .    (body armour unavailable)
rPois   .          Reflect  .    (helmet currently unavailable)
rElec   .          Rampage  .    (no cloak)
rCorr   .                        b - +0 pair of gloves
Will    .....                    (boots currently unavailable)
Stlth   +                        (no amulet)
HPRegen 0.22/turn                (no ring)
MPRegen 0.08/turn                (no ring)

@: appendages
A: horns 2, talons 2, AC +4, unfitting armour, cold-blooded
a: End Transformation


You were on level 1 of the Dungeon.
You had temporarily grown beastly horns and talons.
You visited 1 branch of the dungeon, and saw 1 of its levels.

You collected 36 gold pieces.

Inventory:

Armour
 b - a +0 pair of gloves (worn)
Scrolls
 c - a scroll of enchant armour {unknown}
Potions
 a - a potion of lignification


   Skills:
 - Level 1.1 Fighting
 - Level 1.7 Dodging
 + Level 3.2 Unarmed Combat
 - Level 2.0 Spellcasting
 + Level 2.3 Transmutations


You had 3 spell levels left.
You knew the following spells:

 Your Spells              Type           Power      Damage    Failure   Level
a - Beastly Appendage     Tmut           14%        N/A       10%         1

Your spell library contained the following spells:

 Spells                   Type           Power      Damage    Failure   Level
 Wereblood                Tmut           7%         N/A       14%         2
 Spider Form              Tmut/Pois      4%         N/A       43%         3
 Ice Form                 Ice/Tmut       4%         N/A       83%         4


Dungeon Overview and Level Annotations

Branches:
Dungeon (1/15)

Altars:


Innate Abilities, Weirdness & Mutations

You have temporarily grown beastly horns and talons.
Your plain brown scales are hard. (AC +4)
You cannot fit into any form of body armour.
You are cold-blooded and may be slowed by cold attacks.


Message History

The kobold hits you but does no damage. The endoplasm hits you.
The kobold attacks as you move away!
The kobold hits you with a +2 short sword of protection.
The bat completely misses you.
You hit the endoplasm.
You kill the endoplasm!
Your horns disappear.
Your talons disappear.
The bat closely misses you. The quokka barely misses you.
The kobold hits you with a +2 short sword of protection.
The kobold attacks as you move away! The kobold closely misses you.
The bat closely misses you. The quokka closely misses you.
The kobold attacks as you move away! The kobold misses you.
The bat hits you but does no damage. The bat attacks as you move away!
The bat hits you but does no damage. x2
Casting: Beastly Appendage (safe; 10% risk of failure)
Press: ? - help, Q - select action Dir - look around, f - activate You grow a pair of large bovine horns.
Your feet morph into talons.
The bat misses you.
You closely miss the quokka. Your kick misses the quokka.
You headbutt the quokka.
The quokka is moderately wounded.
The bat misses you.
The quokka bites you but does no damage.
The bat hits you but does no damage.
You hit the quokka but do no damage. You claw the quokka.
Your headbutt misses the quokka.
The quokka is almost dead.
The bat misses you. The quokka completely misses you.
You closely miss the quokka.
The quokka is almost dead.
The bat barely misses you. The quokka bites you.
* * * LOW HITPOINT WARNING * * *
The quokka bites you but does no damage.
You closely miss the quokka. Your kick misses the quokka.
Your tail-slap misses the quokka.
The quokka is almost dead.
The bat hits you.
* * * LOW HITPOINT WARNING * * *
The kobold hits you with a +2 short sword of protection.
You die...

#####...)..........#
#..................#
#.######.#.........#
#............###
....#............
.#.................
....#.............
........b........ #
###..##@K......>.
#.###...##rJ......
........J.........
#......K........
#...........#...
#.....†......>...
.....r...##.......
.......... ....###
.......#.........


You could see an endoplasm, a quokka, a bat and a kobold.

Vanquished Creatures
  A ball python (D:1)
  An endoplasm (D:1)
  A hobgoblin (D:1)
  A quokka (D:1)
  A frilled lizard (D:1)
  A rat (D:1)
6 creatures vanquished.

Notes
Turn   | Place    | Note
-------+----------+-------------------------------------------
     0 | D:1      | ThatPearl the Draconian Transmuter began the quest for the
                  | Orb.
     0 | D:1      | Reached XP level 1. HP: 16/16 MP: 3/3
   106 | D:1      | Slain by a kobold

Illustrated notes

Levels and vault maps discovered:
D:1:      eino_arrival_water_star, layout_rooms

Action                     || total
---------------------------++-------
  Melee: Unarmed           ||    25
         Headbutt          ||     2
         Kick              ||     1
         Punch             ||     1
   Cast: Beastly Appendage ||     4
 Armour: Skin              ||    18
  Dodge: Dodged            ||    32

Table legend: (Time is in decaauts)
 A = Elapsed time spent in this place.
 B = Non-inter-level travel time spent in this place.
 C = Inter-level travel time spent in this place.
 D = Time resting spent in this place.
 E = Time spent auto-exploring this place.
 F = Levels seen in this place.
 G = Mean time per level.
                   A        B        C        D        E       F      G
               +--------+--------+--------+--------+--------+-----+--------+
         Total |    105 |    105 |      0 |      0 |     45 |   1 |  105.0 |
       Dungeon |    105 |    105 |      0 |      0 |     45 |   1 |  105.0 |
               +--------+--------+--------+--------+--------+-----+--------+

Top non-repeatable levels by time:
     D:1: 105 daAuts
